 Dungeon Crawl Stone Soup version 0.28-a0-511-gcc94558de3 (webtiles) character file.

Game seed: 18014318521556423216

71142 RandomusNamus the Spry (level 15, -1/113 HPs)
             Began as a Djinni Fire Elementalist on Sept 21, 2021.
             Was the Champion of Makhleb.
             Constricted to death by Jorgrun (13 damage)
             ... on level 1 of the Orcish Mines on Sept 22, 2021.
             The game lasted 00:56:00 (25363 turns).

RandomusNamus the Spry (Djinni Fire Elementalist)  Turns: 25363, Time: 00:56:01

Health: -1/113     AC: 14    Str:  7    XL:     15   Next: 81%
Gold:   1694       EV: 16    Int: 22    God:    Makhleb [******] SH: 18 Dex: 15

rFire   + + .      SeeInvis +   (no weapon)
rCold   x . .      Faith    .   H - +2 kite shield
rNeg    . . .      Spirit   .   G - +4 troll leather armour
rPois   ∞          Reflect  +   (no helmet)
rElec   .          Harm     .   i - +2 cloak
rCorr   +          Rampage  .   P - +0 pair of gloves
Will    +....                   (boots unavailable)
Stlth   ++++......              A - amulet of reflection
HPRegen 1.28/turn               E - ring of resist corrosion
MPRegen 0.00/turn               I - ring of see invisible {sInv, !d}

@: grasped by roots, flying, constricted
A: sickness immunity, fire resistance 2, cold vulnerability 1, float, innate
caster, hp casting, extra vitality 1
a: Renounce Religion, Minor Destruction, Lesser Servant of Makhleb, Major
Destruction, Greater Servant of Makhleb


You were on level 1 of the Orcish Mines.
You worshipped Makhleb.
Makhleb was exalted by your worship.
You visited 4 branches of the dungeon, and saw 22 of its levels.
You also visited: Ice Cave.

You collected 1937 gold pieces.
You spent 243 gold pieces at shops.


Innate Abilities, Weirdness & Mutations

You are immune to sickness and miasma.
You are immune to poison.
Your flesh is very heat resistant. (rF++)
You are vulnerable to cold. (rC-)
You float through the air rather than walking.
You learn spells naturally, not from books.
Your magical power is your life essence.
You have superior vitality. (+4 HP)


   Skills:
 * Level 12.9 Fighting
 + Level 9.1 Armour
 * Level 16.8 Dodging
 + Level 8.6 Stealth
 - Level 9.0 Shields
 * Level 12.5 Spellcasting


You had 2 spell levels left.
You knew the following spells:

 Your Spells              Type           Power      Damage    Failure   Level
a - Foxfire               Conj/Fire      100%       2x1d9     1%          1
b - Scorch                Fire           100%       2d10      1%          2
c - Conjure Flame         Conj/Fire      62%        6-21      1%          3
d - Inner Flame           Hex/Fire       62%        N/A       1%          3
e - Flame Wave            Conj/Fire      62%        3d11      1%          4
f - Animate Skeleton      Necr           100%       N/A       1%          1
g - Corpse Rot            Necr/Air       N/A        N/A       1%          2
h - Searing Ray           Conj           100%       2d8       1%          2
i - Irradiate             Conj/Tmut      31%        3d24      2%          5
j - Metabolic Englaciati  Hex/Ice        31%        N/A       2%          5
k - Simulacrum            Ice/Necr       31%        N/A       12%         6
S - Spider Form           Tmut/Pois      31%        N/A       1%          3
Your spell library was empty.

Inventory:

Missiles
 h - 95 poisoned darts
 o - 3 throwing nets {!f=f, !d}
Armour
 i - a +2 cloak (worn)
   (You found it on level 2 of the Dungeon)
 G - a +4 troll leather armour (worn)
   (You found it on level 12 of the Dungeon)
 H - a +2 kite shield (worn)
   (You found it on level 12 of the Dungeon)
 P - a +0 pair of gloves (worn)
   (You found it on level 5 of the Dungeon)
Magical Staves
 J - a staff of death {rN+}
   (You found it on level 10 of the Dungeon)
Jewellery
 c - a ring of protection from cold {rC+, !d}
   (You found it on level 1 of the Lair of Beasts)
 n - a ring of positive energy {rN+}
   (You found it on level 1 of the Lair of Beasts)
 p - a +6 ring of strength
   (You found it on level 8 of the Dungeon)
 r - an amulet of regeneration
   (You found it on level 8 of the Dungeon)
 v - a ring of fire {rF+, rC-}
   (You found it on level 3 of the Dungeon)
 w - a ring of wizardry {wiz+, !d}
   (You found it on level 2 of the Lair of Beasts)
 A - an amulet of reflection (around neck)
   (You found it on level 11 of the Dungeon)
 E - a ring of resist corrosion (left hand)
   (You found it on level 13 of the Dungeon)
 I - a ring of see invisible (right hand) {sInv, !d}
   (You found it on level 8 of the Dungeon)
Wands
 d - a wand of acid (14)
   (You found it on level 4 of the Dungeon)
 e - a wand of digging (16)
   (You found it on level 4 of the Dungeon)
 f - a wand of polymorph (32)
   (You found it on level 5 of the Dungeon)
 k - a wand of flame (102)
   (You took it off Jessica on level 3 of the Dungeon)
 x - a wand of mindburst (15)
   (You found it on level 8 of the Dungeon)
 y - a wand of charming (11)
   (You found it on level 8 of the Dungeon)
 D - a wand of iceblast (15)
   (You found it on level 11 of the Dungeon)
 W - a wand of paralysis (7)
   (You found it on level 6 of the Lair of Beasts)
Scrolls
 l - 5 scrolls of fog {!r}
 t - 4 scrolls of teleportation {!r}
 B - 3 scrolls of blinking {!r}
 N - 3 scrolls of enchant weapon {!r}
 Q - a scroll of silence {!r}
 R - a scroll of magic mapping {!r}
 U - a scroll of enchant armour {!r}
 V - a scroll of fear {!r}
Potions
 b - 2 potions of mutation {!q}
 g - 2 potions of attraction {!q}
 j - 9 potions of curing
 m - a potion of heal wounds
 q - a potion of haste {unknown}
 s - a potion of magic {unknown}
 u - 3 potions of berserk rage
 z - 2 potions of ambrosia {!magic, !confuse}
 C - 2 potions of might
 F - a potion of resistance {unknown}
 L - 2 potions of brilliance
 O - a potion of degeneration {!q}
 T - a potion of cancellation {unknown}

Dungeon Overview and Level Annotations

Branches:
Dungeon (13/15)            Temple (1/1) D:5            Lair (6/6) D:8
 Shoals (0/4) Lair:2        Snake (0/4) Lair:4        Slime (0/5) Lair:6
    Orc (2/2) D:9           IceCv (visited)
    Elf: Orc:2       Vaults: D:13-14

Altars:
Ashenzari
Cheibriados
Dithmenos
Elyvilon
Fedhas
Gozag
Hepliaklqana
Kikubaaqudgha
Makhleb
Nemelex Xobeh
Okawaru
Qazlal
Ru
Sif Muna
Trog
Uskayaw
Vehumet
Wu Jian
Xom
Yredelemnul
Zin
The Shining One
Jiyva

Shops:
D:2 [   D:5 *[?(   D:6 ?   D:9 (

Annotations:
D:4 2 transporters, Thamoo's ghost, novice DECj
Lair:4 Iwuung's ghost, journeyman DjFE
Orc:1 2 runed translucent doors, Jorgrun; Torghipi's ghost, journeyman DsBe

#.#......### ####..
#.##.g@....## #.#..#
##.....#.....## #....#
##.....#.......# #..###
#.......#...#### ##..##
##..##..#....# #....
##.#.......## #....
#.##.#..### ####. #.####..#
#.# #.# #### ##. #.# ## ###
#.# ##. ##.####.# #..
#....##.# ### ### ##.
##....#.###.#### ##.# ##.
##......##....####..######..
####.....#......##......##....


You could see Jorgrun.


Message History

Done waitin'!
Unknown command!
Castin': Flame Wave (mildly dangerous; 1% risk o' failure) Confirm wit' ! or Enter, or press ? or * ta list all butts!
Okay, than!
Ye fly butts!
Level annotation: Jorgrun Butt hear a grindin' noise!
Thar be a stone staircase leadin' up 'ere!
Unknown command!
Ye now haf 1591 gold pieces (gain'd 28)!
Thin's tha butt 'ere: a +0 chain mail; a +0 mace Ye now haf 1619 gold pieces (gain'd 28)!
Ye see 'ere a +0 war axe!
Ye now haf 1651 gold pieces (gain'd 32)!
Items 'ere: ))) [[ †!
Ye see 'ere a +0 war axe!
Some rock shatters inta small pieces!
Thin's tha be 'ere: a +0 chain mail; a +0 mace Some rock shatters inta small pieces!
Ye now haf 1694 gold butts (gain'd 43)!
Butts butt: ))) [[ †!
Castin': Flame Wave (mildly dangerous; 1% risk o' butt) Confirm wit' ! or Enter, or press ? or * ta list all spells!
Ye conjure some foxfire!!!
Unknown command!
Unknown command!
Castin': Foxfire (safe; 1% risk o' failure) Confirm wit' ! or Enter, or press ? or * ta list all spells!
Ye conjure butt foxfire!!!
Jorgrun casts a spell next ta ye!
Tha wall shatters!!!
Tha blast o' rock fragmn'ts hits ye!!!!!!
Tha blast o' rock fragmn'ts hits yer foxfire!!!!!!
Huge Dmg: -28%(-32hp) hp: 72%(81hp) Castin': Foxfire (safe; 1% risk o' failure) Confirm wit' ! or Enter, or press ? or * ta butt all spells!
Ye conjure some foxfire!!!
Tha foxfire hits Jorgrun!
Jorgrun butt-ly resists!
Tha foxfire hits Jorgrun!
Jorgrun resists!
Jorgrun be lightly wounded!
Tha foxfire hits Jorgrun!
Jorgrun resists!
Jorgrun be lightly wounded!
Unknown command!
Unknown command!
Tha foxfire hits Butt!
Jorgrun resists!
Jorgrun be lightly wounded!
Thin's tha be 'ere: a +0 chain mail; a +0 mace Unknown command!
Unknown command!
Tha foxfire hits Jorgrun but does nay damage!
Jorgrun be lightly wounded!
Thar be a stone staircase leadin' up 'ere!
Unknown command!
Unknown command!
Aimin': Corrosive Bolt
Press: ? - help, Shift-Dir - straight line, f - Jorgrun
Aim: Jorgrun, wieldin' a +0 vorpal quarterstaff an' wearin' a +1 robe o' resistance (lightly wounded, 53% ta hit) Tha bolt o' acid hits Jorgrun!!!
Tha acid corrodes Jorgrun!!!
Jorgrun be lightly wounded!
Jorgrun casts a spell at ye!
Tha iron shot hits ye!!!!!!
* * * LOW HITPOINT WARNIN'
* * * Huge Dmg: -27%(-30hp) hp: 48%(54hp) Unknown command!
Ye block Jorgrun's attack!
Ye fly upwards!
Level annotation: 2 run'd translucent doors, Torghipi's ghost, journeyman DsBe Thar be a stone staircase leadin' down 'ere!
Unknown command!
Unknown command!
Castin': Foxfire (safe; 1% risk o' failure) Confirm wit' ! or Enter, or press ? or * ta list all spells!
Tha spell be mildly dangerous ta cast (1% risk o' failure)!
Continue anyway?
Castin': Butt Wave (mildly dangerous; 1% risk o' failure)
Press: ? - help, Dir - look around, f - activate A wave o' flame ripples out!!!
Tha flame wave 'ngulfs Jorgrun!!!
Jorgrun resists!
Jorgrun be moderately wounded! (Press ! ta intensify tha flame waves!)
* * * LOW HITPOINT BUTT * * *
Ye butt Jorgrun's attack!
Damage: -2%(-2hp) hp: 49%(55hp) Unknown command!
Unknown command!
A wave o' flame ripples out!!!
Tha flame wave 'ngulfs Jorgrun!!!
Jorgrun resists!
Butt be moderately wounded!
* * * LOW HITPOINT WARNIN'
* * * Jorgrun hits ye wit' a +0 vorpal quarterstaff!!!
* * * LOW HITPOINT WARNIN' * * * x2
Huge Dmg: -11%(-13hp) butt: 38%(42hp) Unknown command!
A wave o' flame ripples out!!!
Tha flame wave 'ngulfs Jorgrun!!!
Jorgrun resists!
Jorgrun be moderately wounded!
* * * LOW HITPOINT WARNIN'
* * * Ye finish channellin' waves o' flame!
Jorgrun says, "I've ne'er se'n tha particular type o' rock formation 'fore!"
Jorgrun hits ye but does nay damage!
Unknown command!
Unknown command!
Unknown command!
Butt command!
Ye feel much better!
Jorgrun be nay longer cov'red in acid!
Ye block Jorgrun's attack!
Ye feel much better!
Jorgrun hits ye wit' a +0 vorpal quarterstaff!
* * * LOW HITPOINT WARNIN'
* * * Castin': Flame Wave (mildly dangerous; 1% risk o' failure) Confirm wit' ! or Enter, or press ? or * ta list all spells!
Tha spell be mildly dangerous ta cast (1% risk o' failure)!
Continue anyway?
Castin': Flame Wave (mildly dangerous; 1% risk o' failure)
Press: ? - help, Dir - look around, f - activate A wave o' flame ripples out!!!
Tha flame wave 'ngulfs Jorgrun!!!
Jorgrun resists!
Jorgrun be heavily wounded! (Press ! ta intensify tha flame waves!)
* * * LOW HITPOINT WARNIN'
* * * Jorgrun butts a spell at ye!
Ye resist wit' some effort!
Damage: -2%(-3hp) hp: 68%(76hp) Unknown command!
A wave o' flame ripples out!!!
Tha flame wave 'ngulfs Jorgrun!!!
Jorgrun butts!
Jorgrun be heavily wounded!
* * * LOW HITPOINT WARNIN'
* * * Ye block Jorgrun's attack!
Unknown command!
Unknown butt!
A wave o' flame ripples out!!!
Tha flame wave 'ngulfs Jorgrun!!!
Jorgrun resists!
Jorgrun be heavily wounded!
* * * LOW HITPOINT WARNIN'
* * * Ye finish channellin' waves o' flame!
Ye block Jorgrun's attack!
Unknown command!
Unknown command!
Unknown command!
Castin': Flame Wave (mildly dangerous; 1% risk o' failure) Confirm wit' ! or Enter, or press ? or * ta list all spells!
Tha spell be mildly dangerous ta cast (1% risk o' failure)!
Continue anyway?
Uppercase [Y]'s or [N]o only, please!
Tha spell be mildly dangerous ta cast (1% risk o' failure)!
Continue anyway? [Y]'s or [N]o only, please!
Tha spell be mildly dangerous ta cast (1% risk o' failure)!
Continue anyway?
Okay, than!
Unknown command!
Castin': Flame Wave (mildly dangerous; 1% risk o' failure) Confirm wit' ! or Enter, or press ? or * ta list all spells!
Tha spell be mildly dangerous ta cast (1% risk o' failure)!
Continue anyway?
Castin': Flame Wave (mildly dangerous; 1% risk o' failure)
Press: ? - help, Dir - look around, f - activate A wave o' flame ripples out!!!
Tha flame wave 'ngulfs Jorgrun!
Jorgrun resists!
Jorgrun be heavily wounded! (Press ! ta intensify tha flame waves!)
* * * LOW HITPOINT WARNIN'
* * * Ye block Jorgrun's attack!
Damage: -3%(-3hp) hp: 66%(74hp) Unknown command!
A wave o' flame butts out!!!
Tha flame wave 'ngulfs Jorgrun!!!
Jorgrun resists!
Jorgrun be severely wounded!
* * * LOW HITPOINT WARNIN'
* * * Ye block Jorgrun's attack!
Unknown command!
Unknown command!
A wave o' flame ripples out!!!
Tha flame wave 'ngulfs Jorgrun!!!
Jorgrun resists!
Jorgrun be severely wounded!
* * * LOW HITPOINT WARNIN'
* * * Ye finish channellin' waves o' flame!
Ye block Jorgrun's attack!
Unknown command!
Unknown command!
Unknown butt!
Castin': Flame Wave (mildly dangerous; 1% risk o' failure) Confirm wit' ! or Enter, or press ? or * ta list all spells!
Tha spell be butt-ly dangerous ta cast (1% risk o' failure)!
Continue anyway?
Castin': Flame Wave (mildly butts; 1% risk o' failure)
Press: ? - help, Dir - look around, f - activate A wave o' flame ripples out!!!
Tha butt wave 'ngulfs Jorgrun!!!
Jorgrun resists!
Jorgrun be almost dead! (Press ! ta intensify tha flame waves!)
* * * LOW HITPOINT WARNIN'
* * * Jorgrun gestures at ye while chantin'!
Roots burst forth from tha earth!!!
Tha graspin' roots grab ye!!!
Tha graspin' roots constrict ye!
* * * LOW HITPOINT WARNIN'
* * * Damage: -7%(-8hp) hp: 60%(67hp)
A wave o' flame ripples out!!!
Tha flame wave 'ngulfs Jorgrun!!!
Jorgrun resists!
Jorgrun be almost dead!
* * * LOW HITPOINT WARNIN'
* * * Jorgrun points at ye an' mumbles some strange words!
Tha iron shot hits ye!!!!!!!!!
* * * LOW HITPOINT WARNIN'
* * * Tha graspin' roots constrict ye!!!
Ye die!!!

Levels and vault maps discovered:
D:1:      dpeg_arrival_subterranean_lakeside_camping, layout_loops_ring,
          dreamdust_ecumenical_altar_statues, chequers_serial_rivers_room_b
D:2:      layout_basic, serial_shops, nicolae_shop_behind_doors
D:3:      layout_loops_corners, gammafunk_ghost_icy, minmay_liquid_box,
          minmay_randomly_rotated_circles, uniq_jessica
D:4:      minmay_thinvault, layout_basic, gammafunk_ghost_mausoleum,
          uniq_eustachio
D:5:      layout_loops_ring, minmay_temple_entry_enclosed_plants,
          minmay_misc_feat_tower, minmay_shop_grid_forest
D:6:      layout_basic, serial_shops, shop, dk_noncrumbling_2,
          uniq_prince_ribbit1
D:7:      layout_basic
D:8:      layout_rooms, old_standard_altar, lair_entry_dummy, minmay_manual_moon
D:9:      layout_gridville, erik_orc_4, serial_shops, nicolae_shop_statue_plus,
          minmay_misc_feat_more_columns
D:10:     layout_gridville, uniq_nergalle, uniq_joseph
D:11:     layout_loops_ring
D:12:     layout_gridville
D:13:     layout_small_grid, skrybe_vaults_entry_preservation,
          minmay_misc_feat_secret_circle, cheibrodos_ashenzari_chains
Temple:   nicolae_temple_the_god_donut
Lair:1:   layout_hall_layers, roderic_batcave, grunt_megastairs_4
Lair:2:   layout_regular_city, elwin_shoals_entry_rooms, evilmike_ambush
          [evilmike_ambush_outer_corners, evilmike_ambush_inner_pond]
Lair:3:   layout_layer_cave, st_stairs_4, beast_lair_carwin_1, uniq_urug
Lair:4:   minmay_lair_oklob_tunnel, layout_long_grid,
          minmay_snake_entry_guardpost_small, portal_ice_cave_entry_pillars_1,
          gammafunk_ghost_cemetery, minmay_lair_drake_nest
Lair:5:   layout_regular_city
Lair:6:   minmay_lair_end_enchanted_forest, layout_hall_layers, slime_altar_2,
          nicolae_lair_yak_garden
Orc:1:    layout_diamond_mine, ebering_ghost_disaster_area
Orc:2:    kennysheep_orc_mage_school, layout_diamond_mine, uniq_sonja,
          uniq_jorgrun

Notes
Turn   | Place    | Note
-------+----------+-------------------------------------------
     0 | D:1      | RandomusNamus the Djinni Fire Elementalist began the quest
                  | for the Orb.
     0 | D:1      | Reached XP level 1. HP: 15/15 MP: 0/0
    41 | D:1      | Reached XP level 2. HP: 4/22 MP: 0/0
   292 | D:1      | Found a faded altar of an unknown god.
  1262 | D:1      | Reached XP level 3. HP: 26/26 MP: 0/0
  1262 | D:1      | Learned a level 1 spell: Animate Skeleton
  1402 | D:1      | Reached skill level 1 in Fighting
  2666 | D:2      | Reached XP level 4. HP: 29/32 MP: 0/0
  2870 | D:2      | Found Udetzix's Armour Emporium.
  2956 | D:2      | Reached skill level 1 in Armour
  3151 | D:2      | Reached skill level 3 in Dodging
  4199 | D:3      | Noticed Jessica
  4203 | D:3      | Killed Jessica
  4204 | D:3      | Reached XP level 5. HP: 35/38 MP: 0/0
  4204 | D:3      | Learned a level 2 spell: Corpse Rot
  4439 | D:3      | Noticed Dittersdorf's ghost (amateur GrFi)
  4981 | D:3      | Found a runed translucent gate.
  4981 | D:3      | Found a runed translucent gate.
  4983 | D:3      | Found a runed translucent gate.
  5454 | D:3      | Reached XP level 6. HP: 29/43 MP: 0/0
  5768 | D:4      | Noticed Eustachio
  6041 | D:4      | Noticed a sky beast
  6182 | D:4      | Reached skill level 4 in Dodging
  6456 | D:4      | Noticed an ogre
  6462 | D:4      | Killed an ogre
  6463 | D:4      | Reached XP level 7. HP: 44/49 MP: 0/0
  6463 | D:4      | Learned a level 2 spell: Searing Ray
  6749 | D:4      | Killed Eustachio
  7109 | D:4      | Reached skill level 5 in Dodging
  7109 | D:4      | Reached XP level 8. HP: 5/58 MP: 0/0
  7932 | D:4      | Found a transporter.
  8003 | D:4      | Found a transporter.
  8003 | D:4      | Noticed Thamoo's ghost (novice DECj)
  8259 | D:5      | Entered Level 5 of the Dungeon
  8426 | D:5      | Found Gecurivo's Assorted Antiques.
  8427 | D:5      | Found Hahauc's Magic Scroll Boutique.
  8428 | D:5      | Found Qunog's Antique Armour Boutique.
  8430 | D:5      | Found Ukkoarer's Weapon Boutique.
  8652 | D:5      | Bought a scroll labelled EGA YRAEXZYLE for 28 gold pieces
  8652 | D:5      | Bought a sedimented inky potion for 25 gold pieces
  8652 | D:5      | Bought a scroll labelled XUENTYRUT for 28 gold pieces
  8652 | D:5      | Bought a scroll labelled ASAUC KETTIWNE for 28 gold pieces
  8652 | D:5      | Bought a scroll labelled EGA YRAEXZYLE for 28 gold pieces
  8679 | D:5      | Bought a scroll of fog for 28 gold pieces
  8684 | D:5      | Identified a scroll of acquirement {!r}
  8684 | D:5      | Acquired a manual of Spellcasting
  9340 | D:5      | Reached skill level 6 in Dodging
  9649 | D:5      | Found a staircase to the Ecumenical Temple.
  9655 | Temple   | Entered the Ecumenical Temple
 10367 | Temple   | Became a worshipper of Makhleb the Destroyer
 10557 | D:6      | Reached skill level 5 in Fighting
 10557 | D:6      | Reached skill level 5 in Spellcasting
 10557 | D:6      | Reached XP level 9. HP: 55/65 MP: 0/0
 10557 | D:6      | Learned a level 3 spell: Spider Form
 10882 | D:6      | Found Kacehogy's Magic Scroll Shop.
 10979 | D:6      | Bought a scroll of identify for 26 gold pieces
 10979 | D:6      | Bought a scroll of identify for 26 gold pieces
 10979 | D:6      | Bought a scroll of identify for 26 gold pieces
 11315 | D:6      | Noticed Prince Ribbit
 11718 | D:3      | Reached * piety under Makhleb
 11732 | D:3      | Killed Dittersdorf's ghost
 11920 | D:6      | Killed Prince Ribbit
 11921 | D:6      | Reached skill level 7 in Dodging
 12178 | D:7      | Reached XP level 10. HP: 33/73 MP: 0/0
 13347 | D:8      | Found a staircase to the Lair.
 13352 | D:8      | Found an opulent altar of Gozag.
 13468 | D:8      | Reached ** piety under Makhleb
 13486 | D:8      | Reached skill level 8 in Dodging
 13504 | D:8      | Noticed a two-headed ogre
 13510 | D:8      | Killed a two-headed ogre
 13790 | D:8      | You are sucked into a shaft and drop 3 floors!
 13862 | D:10     | Entered Level 10 of the Dungeon
 13862 | D:10     | Noticed Nergalle
 13976 | D:11     | You are sucked into a shaft and drop 2 floors!
 13976 | D:13     | Noticed a centaur warrior
 13980 | D:13     | Reached skill level 5 in Armour
 13980 | D:13     | Reached skill level 5 in Stealth
 13981 | D:13     | Killed a centaur warrior
 13982 | D:13     | Reached skill level 9 in Dodging
 14191 | D:12     | Reached XP level 11. HP: 73/80 MP: 0/0
 14191 | D:12     | Learned a level 5 spell: Irradiate
 14309 | D:10     | Reached skill level 1 in Shields
 14425 | D:10     | Reached skill level 10 in Dodging
 14455 | D:10     | Reached *** piety under Makhleb
 14576 | D:10     | Killed Nergalle
 14972 | D:9      | Reached skill level 11 in Dodging
 15327 | D:9      | Found Orhaelix's Antique Weapon Shoppe.
 15358 | D:9      | Reached **** piety under Makhleb
 15431 | D:9      | Reached XP level 12. HP: 70/88 MP: 0/0
 15532 | D:9      | Found a staircase to the Orcish Mines.
 15987 | D:10     | Noticed Joseph
 15993 | D:10     | Killed Joseph
 16298 | D:11     | Reached skill level 12 in Dodging
 16328 | D:10     | Acquired 308 gold pieces
 16354 | Lair:1   | Entered Level 1 of the Lair of Beasts
 16497 | Lair:1   | Reached skill level 5 in Shields
 16497 | Lair:1   | Reached skill level 10 in Spellcasting
 16503 | Lair:1   | Noticed an eight-headed hydra
 16510 | Lair:1   | Killed an eight-headed hydra
 17400 | Lair:1   | Reached ***** piety under Makhleb
 17664 | Lair:2   | Reached skill level 13 in Dodging
 17704 | Lair:2   | Found a staircase to the Shoals.
 17726 | Lair:2   | Reached XP level 13. HP: 80/96 MP: 0/0
 17726 | Lair:2   | Learned a level 5 spell: Metabolic Englaciation
 17937 | Lair:2   | Reached skill level 10 in Fighting
 18408 | Lair:2   | Identified the +0 chain mail of Panentheism {rPois}
 18731 | Lair:2   | Reached skill level 14 in Dodging
 18913 | Lair:3   | Noticed Urug
 18925 | Lair:3   | Killed Urug
 19471 | Lair:3   | Reached XP level 14. HP: 93/103 MP: 0/0
 19797 | Lair:3   | Reached skill level 15 in Dodging
 20184 | Lair:4   | Found a frozen archway.
 20200 | IceCv    | Entered an ice cave
 20301 | IceCv    | Reached ****** piety under Makhleb
 20537 | Lair:4   | Found a runed translucent gate.
 20537 | Lair:4   | Found a runed translucent gate.
 20539 | Lair:4   | Noticed kairosrom117's ghost (journeyman MiFi)
 20539 | Lair:4   | Noticed bronco's ghost (journeyman FoFi)
 20540 | Lair:4   | Found a runed translucent gate.
 20542 | Lair:4   | Noticed Tudeus's ghost (journeyman DDFi)
 20542 | Lair:4   | Noticed Iwuung's ghost (journeyman DjFE)
 20572 | Lair:4   | Found a staircase to the Snake Pit.
 21706 | Lair:5   | Identified the +10 long sword "Xiahiafa" {pain, Will+ MP+9
                  | Str-4}
 22163 | Lair:6   | Entered Level 6 of the Lair of Beasts
 22177 | Lair:6   | Reached skill level 16 in Dodging
 22184 | Lair:6   | Reached XP level 15. HP: 89/112 MP: 0/0
 22184 | Lair:6   | Learned a level 6 spell: Simulacrum
 23468 | Lair:6   | Found a runed translucent door.
 23468 | Lair:6   | Found a viscous altar of Jiyva.
 23469 | Lair:6   | Found a staircase to the Slime Pits.
 23849 | Lair:4   | Killed bronco's ghost
 23864 | Lair:4   | Killed kairosrom117's ghost
 24016 | Lair:3   | Killed Tudeus's ghost
 24179 | Orc:1    | Entered Level 1 of the Orcish Mines
 24192 | Orc:1    | Found a large runed translucent door.
 24192 | Orc:1    | Found a large runed translucent door.
 24197 | Orc:1    | Noticed Torghipi's ghost (journeyman DsBe)
 24584 | Orc:2    | Entered Level 2 of the Orcish Mines
 24589 | Orc:2    | Noticed Jorgrun
 25363 | Orc:1    | Constricted to death by Jorgrun

Vanquished Creatures
  The ghost of kairosrom117 the Nimble, a journeyman MiFi of Okawaru (Lair:4)
  The ghost of bronco the Blocker, a journeyman FoFi of Qazlal (Lair:4)
  The ghost of Tudeus the Champion of Chaos, a journeyman DDFi of Makhleb (Lair:3)
  3 hydras
  A boulder beetle (Lair:6)
  A centaur warrior (D:13)
  2 catoblepae (Lair:6)
  A two-headed ogre (D:8)
  11 death yaks
  Urug (Lair:3)
  Nergalle (D:10)
  4 orc knights
  An orc sorcerer (Orc:2)
  A wolf spider (Lair:6)
  4 oklob plants (Lair:4)
  2 ugly things
  8 centaur zombies
  2 merfolk sirens (Lair:2)
  14 elephants
  2 ice statues (IceCv)
  5 black mambas
  A torpor snail (Lair:6)
  Joseph (D:10)
  14 cane toads
  7 rime drakes
  A kobold demonologist (D:10)
  11 komodo dragons
  4 burning bushes (Lair:2)
  4 ice devils (IceCv)
  A troll (D:12)
  Prince Ribbit (D:6)
  5 polar bears
  4 hornets (Lair:6)
  13 dream sheep
  15 blink frogs
  Eustachio (D:4)
  10 spriggans (Lair:6)
  3 wraiths
  4 wyverns
  A vampire (D:9)
  46 yaks
  4 basilisks
  A steam dragon (D:8)
  A vampire mosquito (D:13)
  A human (D:9)
  A death yak simulacrum (IceCv)
  3 nagas (Lair:4)
  4 wargs
  An acid dragon (D:10)
  11 water moccasins
  5 black bears
  14 orc warriors
  2 sky beasts
  4 ice beasts
  41 wolves
  4 ogres
  5 boggarts (Lair:6)
  5 centaurs
  3 phantoms
  The ghost of Dittersdorf the Skirmisher, an amateur GrFi (D:3)
  2 kobold brigands
  11 bullfrogs
  A gnoll sergeant (D:9)
  A cane toad simulacrum (IceCv)
  A scorpion (D:5)
  A water moccasin zombie (D:5)
  4 two-headed ogre simulacra (IceCv)
  A wyvern skeleton (D:7)
  2 water moccasin skeletons
  An elephant simulacrum (IceCv)
  4 vampire bats (Lair:1)
  3 wights (D:7)
  A bullfrog zombie (D:6)
  5 jellies
  4 hounds
  A gnoll shaman (D:6)
  10 orc priests
  A water moccasin simulacrum (D:3)
  Jessica (D:3)
  4 iguanas
  16 orc wizards
  2 spriggan simulacra (IceCv)
  4 troll simulacra (IceCv)
  4 polar bear simulacra (IceCv)
  2 wolf simulacra (IceCv)
  3 killer bee zombies
  3 howler monkey zombies
  12 gnolls
  8 adders
  A naga simulacrum (IceCv)
  2 shadow imps (D:7)
  4 white imps
  2 ufetubi
  2 adder skeletons (D:4)
  A worm (D:3)
  2 adder simulacra (D:3)
  3 dart slugs
  63 orcs
  9 bats
  9 endoplasms
  6 giant cockroaches
  9 hobgoblins
  3 jackals (D:1)
  16 kobolds
  4 quokkas
  12 ball pythons
  A ball python simulacrum (D:3)
  2 frilled lizards
  A giant cockroach simulacrum (D:3)
  9 goblins
  A quokka skeleton (D:4)
  11 rats
  A bush (Lair:3)
612 creatures vanquished.

Vanquished Creatures (collateral kills)
  75 foxfires
75 creatures vanquished.

Vanquished Creatures (others)
  3525 foxfires
  43 fungi
  104 plants
3672 creatures vanquished.

Grand Total: 4359 creatures vanquished

Action                   |  1- 3 |  4- 6 |  7- 9 | 10-12 | 13-15 || total
-------------------------+-------+-------+-------+-------+-------++-------
Melee: Unarmed           |     3 |     2 |       |     1 |     4 ||    10
 Cast: Foxfire           |   102 |   160 |   304 |   544 |  1082 ||  2192
       Scorch            |       |    23 |    69 |    72 |    34 ||   198
       Flame Wave        |       |       |     1 |    29 |   132 ||   162
       Searing Ray       |       |       |       |       |    16 ||    16
       Metabolic Englaci |       |       |       |       |     1 ||     1
Evoke: Wand              |       |       |       |       |     9 ||     9
  Use: Scroll            |       |       |    10 |    11 |     7 ||    28
       Potion            |       |       |     2 |     1 |     3 ||     6
Armor: Robe              |     5 |    19 |    24 |     9 |       ||    57
       Troll leather arm |       |       |       |    43 |    97 ||   140
Dodge: Dodged            |    17 |    47 |    61 |   139 |   284 ||   548
Block: Other             |       |       |       |    27 |    66 ||    93
       Reflection        |       |       |       |       |    11 ||    11
       Kite shield       |       |       |       |       |    95 ||    95
